 Dungeon Crawl Stone Soup version 0.26-a0-812-g31a745ddcd (webtiles) character file.

Game seed: 7179115561650761464

41 Borgoz the Cudgeller (level 3, -3/30 HPs)
             Began as a Ghoul Gladiator on Dec 8, 2020.
             Slain by a sky beast (6 damage)
             ... on level 3 of the Dungeon.
             The game lasted 00:01:13 (1697 turns).

Borgoz the Cudgeller (Ghoul Gladiator)              Turns: 1697, Time: 00:01:13

Health: -3/30      AC:  6    Str: 17    XL:     3   Next: 52%
Magic:  2/2        EV: 11    Int:  3    God:
Gold:   148        SH:  0    Dex: 11    Spells: 2/2 levels left

rFire    . . .     SeeInvis .   a - +0 flail
rCold    + . .     Faith    .   (no shield)
rNeg     + + +     Spirit   .   i - +0 ring mail (curse)
rPois    ∞         Reflect  .   c - +0 helmet
rElec    .         Harm     .   (no cloak)
rCorr    .         Rampage  .   (no gloves)
MR       .....                  (no boots)
Stlth    ..........             (no amulet)
HPRegen  0.00/turn              g - ring of attention (curse)
MPRegen  0.08/turn              (no ring)

@: no status effects
A: rotting body, claws 1, cold resistance 1, negative energy resistance 3,
inhibited regeneration, torment resistance, unbreathing
a: no special abilities


You were on level 3 of the Dungeon.
You visited 1 branch of the dungeon, and saw 3 of its levels.

You collected 148 gold pieces.

Inventory:

Hand Weapons
 a - a +0 flail (weapon)
Missiles
 d - 3 throwing nets (quivered)
Armour
 c - a +0 helmet (worn)
 i - a cursed +0 ring mail (worn)
Jewellery
 g - a cursed ring of attention (left claw)
Scrolls
 f - 4 scrolls of identify {unknown}
 j - a scroll of enchant weapon {unknown}
 l - 2 scrolls of immolation {unknown}
 m - a scroll of noise {unknown}
 n - 2 scrolls of amnesia {unknown}
 o - 2 scrolls of remove curse {unknown}
 q - a scroll of fog {unknown}
 r - a scroll of teleportation {unknown}
 s - a scroll of magic mapping {unknown}
Potions
 b - a potion of ambrosia {unknown}
 e - a potion of curing {unknown}
 h - a potion of invisibility {unknown}
 k - a potion of haste {unknown}
 p - a potion of flight {unknown}


   Skills:
 + Level 2.6 Fighting
 * Level 3.1 Maces & Flails
 - Level 1.7 Throwing
 * Level 1.5 Armour
 + Level 2.9 Dodging


You had 2 spell levels left.
You didn't know any spells.
Your spell library contained the following spells:

 Spells                   Type           Power        Failure   Level
 Corona                   Hex            #......      73%         1
 Ensorcelled Hibernation  Hex/Ice        #.....       86%         2
 Confusing Touch          Hex            #.......     97%         3
 Dazzling Flash           Conj/Hex       #.....       97%         3
 Tukima's Dance           Hex            #.......     97%         3


Dungeon Overview and Level Annotations

Branches:
Dungeon (3/15)

Altars:


Innate Abilities, Weirdness & Mutations

Your body is rotting away.
You thrive by killing the living.
You are immune to poison.
You have sharp fingernails.
Your flesh is cold resistant. (rC+)
You are immune to negative energy. (rN+++)
You do not regenerate when monsters are visible.
You are immune to unholy pain and torment.
You can survive without breathing.


Message History

You thump the sky beast!
The sky beast is severely wounded.
The sky beast closely misses you.
The sky beast flickers out of sight!
Deactivating autopickup; reactivate with Ctrl-A.
Something hits you but does no damage.
No target in view!
No target in view!
You closely miss something. Something hits you but does no damage.
You hit something. Something hits you but does no damage.
You closely miss something. Something barely misses you.
You miss something. Something hits you. Something shocks you.
Something hits you but does no damage.
You miss something. Something hits you but does no damage.
You hit something. Something hits you but does no damage.
You closely miss something. Something hits you. Something shocks you.
* * * LOW HITPOINT WARNING * * *
Something hits you.
* * * LOW HITPOINT WARNING * * *
Something shocks you.
You die...

#. #. #. #. .
###. ..
...#####.#
######.{....$#
###
.......@#.#
#..
#######...#
#.# ##.## #.#
#.# ####<# #.#
#...<# #.#
#.#### #.# #.#
#.# #.# #.###
#.#


There were no monsters in sight!

Vanquished Creatures
  3 worms (D:2)
  A dart slug (D:1)
  2 ball pythons (D:2)
  4 bats
  5 goblins
  5 hobgoblins
  2 jackals (D:2)
  3 frilled lizards
  2 kobolds (D:1)
  3 rats
30 creatures vanquished.

Notes
Turn   | Place    | Note
-------+----------+-------------------------------------------
     0 | D:1      | Borgoz the Ghoul Gladiator began the quest for the Orb.
     0 | D:1      | Reached XP level 1. HP: 17/17 MP: 0/0
   182 | D:1      | Reached XP level 2. HP: 19/25 MP: 1/1
   791 | D:2      | Reached skill level 1 in Armour
   838 | D:2      | Reached skill level 3 in Maces & Flails
   843 | D:2      | Reached XP level 3. HP: 30/30 MP: 2/2
  1684 | D:3      | Noticed a sky beast
  1697 | D:3      | Slain by a sky beast

Illustrated notes

Levels and vault maps discovered:
D:1:      matt_arrival_spirals, layout_loops_ring
D:2:      layout_loops_ring, minmay_domino_4
D:3:      layout_loops_ring, lemuel_doored_altar, grunt_qazlal_sundering

Skill      XL: |  1  2 |
---------------+-------+-----
Armour         | 1 |  1.5
Maces & Flails | 3 |  3.1
Fighting       | |  2.6
Throwing       | |  1.7
Dodging        | |  2.9

Action                   || total
-------------------------++-------
Melee: Flail             ||    91
Armor: Leather armour    ||     5
       Ring mail         ||    27
Dodge: Dodged            ||    62

Table legend: (Time is in decaauts)
 A = Elapsed time spent in this place.
 B = Non-inter-level travel time spent in this place.
 C = Inter-level travel time spent in this place.
 D = Time resting spent in this place.
 E = Time spent auto-exploring this place.
 F = Levels seen in this place.
 G = Mean time per level.
                   A        B        C        D        E       F      G
               +--------+--------+--------+--------+--------+-----+--------+
         Total |   1719 |   1595 |    124 |    108 |   1262 |   3 |  573.0 |
       Dungeon |   1719 |   1595 |    124 |    108 |   1262 |   3 |  573.0 |
               +--------+--------+--------+--------+--------+-----+--------+

Top non-repeatable levels by time:
     D:2: 907 daAuts
     D:1: 774 daAuts
     D:3: 37 daAuts
